 Dungeon Crawl Stone Soup version 0.29.1-13-g9f3cf754e1 (webtiles) character file.

Game seed: 12395618815414109515

39 javelincjr the Insei (level 3, -2/27 HPs)
             Began as a Djinni Transmuter on Feb 6, 2023.
             Slain by Terence
             ... wielding a +0 mace
              (9 damage)
             ... on level 3 of the Dungeon.
             The game lasted 00:05:52 (2858 turns).

javelincjr the Insei (Djinni Transmuter)            Turns: 2858, Time: 00:05:54

Health: -2/27      AC:  3    Str: 11    XL:     3   Next: 70%
Gold:   73         EV: 12    Int: 14    God:
                   SH:  0    Dex: 13

rFire   + + .      SeeInvis .   e - +0 dagger
rCold   x . .      Faith    .   (no shield)
rNeg    . . .      Spirit   .   a - +0 robe
rPois   ∞          Reflect  .   (no helmet)
rElec   .          Harm     .   (no cloak)
rCorr   .          Rampage  .   m - +0 pair of gloves
Will    .....                   (boots unavailable)
Stlth   +.........              (no amulet)
HPRegen 0.09/turn               (no ring)
MPRegen 0.00/turn               (no ring)

@: flying, very slightly contaminated
A: sickness immunity, fire resistance 2, cold vulnerability 1, float, innate
caster, HP casting, extra vitality 1
a: no special abilities


You were on level 3 of the Dungeon.
You visited 1 branch of the dungeon, and saw 3 of its levels.

You collected 73 gold pieces.

Inventory:

Hand Weapons
 e - a +0 dagger (weapon)
Missiles
 f - 15 stones
Armour
 a - a +0 robe (worn)
 m - a +0 pair of gloves (worn)
Jewellery
 l - an amulet of the acrobat
Scrolls
 c - 7 scrolls of identify {unknown}
 g - a scroll of enchant weapon {unknown}
 h - 2 scrolls of blinking {unknown}
 i - 2 scrolls of teleportation {unknown}
 n - a scroll of immolation {unknown}
Potions
 b - a potion of lignification
 d - a potion of heal wounds {unknown}
 j - a potion of curing {unknown}
 k - a potion of degeneration {unknown}
 o - a potion of brilliance {unknown}


   Skills:
 + Level 1.1 Fighting
 + Level 0.3 Short Blades
 + Level 2.3 Dodging
 + Level 0.2 Stealth
 + Level 3.9 Unarmed Combat
 + Level 1.8 Spellcasting


You couldn't memorise any spells.
You knew the following spells:

 Your Spells              Type           Power      Damage    Failure   Level
a - Beastly Appendage     Tmut           12%        N/A       11%         1
b - Wereblood             Tmut           6%         N/A       17%         2
c - Spider Form           Tmut/Pois      6%         N/A       32%         3
d - Ice Form              Ice/Tmut       6%         N/A       73%         4
e - Foxfire               Conj/Fire      24%        2x1d5     11%         1
Your spell library was empty.

Dungeon Overview and Level Annotations

Branches:
Dungeon (3/15)

Altars:
Xom

Annotations:
D:3 Terence


Innate Abilities, Weirdness & Mutations

You are immune to sickness and miasma.
You are immune to poison.
Your flesh is very heat resistant. (rF++)
You are vulnerable to cold. (rC-)
You float through the air rather than walking.
You learn spells naturally, not from books.
Your magical power is your life essence.
You have superior vitality. (+4 MHP)


Message History

You hit Terence. You headbutt Terence.
Terence is heavily wounded.
The foxfire hits Terence but does no damage.
Terence is heavily wounded.
You hit Terence but do no damage.
Terence is heavily wounded.
Terence closely misses you.
You barely miss Terence.
Terence is heavily wounded.
Terence misses you.
You hit Terence but do no damage.
Terence is heavily wounded.
Terence closely misses you.
You barely miss Terence. You headbutt Terence.
You punch Terence, but do no damage.
Terence is heavily wounded.
Terence hits you with a +0 mace!
You hit Terence. You headbutt Terence.
Terence is almost dead.
Terence screams, "I want your blood!" Terence hits you with a +0 mace!
* * * LOW HITPOINT WARNING * * *
You are too injured to fight recklessly!
You hit Terence.
Terence is almost dead.
Your horns disappear.
Terence barely misses you.
You hit Terence but do no damage.
Terence is almost dead.
Terence says, "How do you enjoy it?" Terence barely misses you.
You are too injured to fight recklessly!
Casting: Foxfire (safe; 11% risk of failure)
Confirm with . or Enter, or press ? or * to list all spells.
You miscast Foxfire.
You are very lightly contaminated with residual magic.
Nothing appears to happen.
* * * LOW HITPOINT WARNING * * *
Terence hits you with a +0 mace!
You die...

#.<......##..#.#
..##.###........##..#<#
.................#..#.#
.###....#........#..#.#
.# #....#..............
.###....#..........##..
........#..........##..#
.......##..........##..#
................@..##..#
......####....#.@..#
......# #....#....#
..##'## ####.#....#
####.# #.#.....# #.#
#.#......# #.#####
#.#....#.# #....)#
#.#....#.# #####.# #.#


You could see Terence.

Vanquished Creatures
  A dart slug (D:2)
  4 bats
  6 endoplasms
  A giant cockroach (D:3)
  3 goblins
  4 hobgoblins
  3 quokkas
  2 ball pythons (D:1)
  4 frilled lizards
  2 kobolds (D:1)
  2 rats
32 creatures vanquished.

Vanquished Creatures (others)
  23 foxfires
23 creatures vanquished.

Grand Total: 55 creatures vanquished

Notes
Turn   | Place    | Note
-------+----------+-------------------------------------------
     0 | D:1      | javelincjr the Djinni Transmuter began the quest for the
                  | Orb.
     0 | D:1      | javelincjr set off with the following spells memorised:
                  | Beastly Appendage, Wereblood, Spider Form, Ice Form.
     0 | D:1      | Reached XP level 1. HP: 17/17 MP: 0/0
   667 | D:1      | Reached XP level 2. HP: 21/22 MP: 0/0
  1556 | D:1      | Reached XP level 3. HP: 24/27 MP: 0/0
  1556 | D:1      | Learned a level 1 spell: Foxfire
  2231 | D:2      | Found a shimmering altar of Xom.
  2841 | D:3      | Noticed Terence
  2858 | D:3      | Slain by Terence

Illustrated notes

Levels and vault maps discovered:
D:1:      matt_arrival_spirals, layout_basic
D:2:      layout_loops_ring, basic_altar, hangedman_decor_peaks_small,
          kennysheep_nondescript
D:3:      layout_basic, hellmonk_ecumenical_altar_leap_of_faith, uniq_terence,
          uniq_crazy_yiuf_cottage

Action                   || total
-------------------------++-------
Melee: Unarmed           ||    17
       Headbutt          ||    13
       Dagger            ||    68
       Punch             ||     2
 Cast: Beastly Appendage ||    19
       Foxfire           ||    14
 Stab: Sleeping          ||     2
Armor: Robe              ||    11
Dodge: Dodged            ||    44
